 Dungeon Sprint DCSS version 0.24-a0-725-gf1a930fc54 (webtiles) character file.

Game seed: 10820935675595902343, levelgen mode: deterministic

4466 EtherCrawl the Unseen (level 10, -1/44 HPs)
             Began as a Spriggan Enchanter on Oct 1, 2019.
             Was the Champion of Zin.
             Killed by an exploding ballistomycete spore (31 damage)
             ... in the Dungeon (Sprint I: "Red Sonja").
             The game lasted 00:03:49 (1040 turns).

EtherCrawl the Unseen (Spriggan Enchanter)          Turns: 1040, Time: 00:03:50

Health: -1/44      AC:  3    Str:  5    XL:     10   Next: 15%
Magic:  28/28      EV: 18    Int: 16    God:    Zin [******]
Gold:   217        SH:  0    Dex: 20    Spells: 24/36 levels left

rFire    . . .     SeeInvis +   a - +1 dagger
rCold    . . .     Gourm    .   (shield restricted)
rNeg     . . .     Faith    .   m - +1 robe "Ucoanyuss" {*Drain +Fly rElec}
rPois    .         Spirit   .   (helmet restricted)
rElec    +         Reflect  .   (no cloak)
rCorr    .         Harm     .   (gloves unavailable)
MR       +....     NoTele   +   (boots unavailable)
Stlth    +++.......             (no amulet)
HPRegen  0.14/turn              (no ring)
MPRegen  0.21/turn              (no ring)

@: confused, very quick
A: very small, unfitting armour, see invisible, herbivore, speed 3, slow
metabolism 2
a: Recite, Vitalisation, Imprison, Sanctuary, Donate Gold, Renounce Religion,
Evoke Flight


You were in the Dungeon.
You worshipped Zin.
Zin was exalted by your worship.
You were not hungry.

You visited 1 branch You collected 405 gold pieces.
You spent 159 gold pieces at shops.
You donated 29 gold pieces to Zin.

Inventory:

Hand Weapons
 a - a +1 dagger (weapon)
Missiles
 k - 7 stones (quivered)
 l - 10 curare-tipped darts
Armour
 b - a +0 robe
 m - the +1 robe "Ucoanyuss" (worn) {*Drain +Fly rElec}
   (You bought it in a shop in the Dungeon)

   It insulates you from electricity.
   It lets you fly.
   It causes draining when unequipped.
Wands
 c - a wand of polymorph (10)
Scrolls
 j - a scroll of blinking
Potions
 e - a potion of curing
 f - a potion of heal wounds
 g - a potion of haste
 h - 2 potions of magic
 i - a potion of lignification {unknown}
Comestibles
 d - a ration


   Skills:
 + Level 0.0 Fighting
 - Level 10.0 Short Blades
 - Level 3.0 Dodging
 + Level 17.4 Stealth
 + Level 13.8 Spellcasting
 + Level 14.0 Hexes
 + Level 9.4 Invocations


You had 24 spell levels left.
You knew the following spells:

 Your Spells              Type           Power        Failure   Level  Hunger
a - Corona                Hex            ######.      1%          1    None
b - Ensorcelled Hibernat  Hex/Ice        ####..       1%          2    None
c - Confuse               Hex            ######..     1%          3    None
d - Tukima's Dance        Hex            ######..     1%          3    None
e - Dazzling Spray        Conj/Hex       ####..       1%          3    None

Your spell library contained the following spells:

 Spells                   Type           Power        Failure   Level  Hunger


Dungeon Overview and Level Annotations

Branches:
Dungeon (1/1)

Altars:
Cheibriados
Dithmenos
Elyvilon
Fedhas
Gozag
Hepliaklqana
Kikubaaqudgha
Nemelex Xobeh
Okawaru
Qazlal
Ru
Sif Muna
Trog
Uskayaw
Vehumet
Wu Jian
Yredelemnul
Zin
The Shining One

Shops:
D ::%![}


Innate Abilities, Weirdness & Mutations

You are very small and have problems with some larger weapons.
You are too small for most types of armour.
You have supernaturally acute eyesight. (SInv)
You are a herbivore.
You cover ground extremely quickly.
You need to consume almost no food.


Message History

You open the door. 2 ballistomycete spores come into view.
Found five items.
Found 54 gold pieces.
There is an open door here.
Found 54 gold pieces.
You see here 27 gold pieces.
The helpless ballistomycete spore fails to defend itself.
You stick the ballistomycete spore like a pincushion!!!!
The ballistomycete spore explodes!
The explosion of spores engulfs you!
You are confused.
A fungus suddenly grows.
The explosion of spores engulfs the ballistomycete spore!!
The ballistomycete spore explodes!
The explosion of spores engulfs the ballistomycete.
The explosion of spores engulfs you!!
You are more confused.
Ouch! That really hurt!
You die...

#⌠⌠#_.∩...'..._#
####_..__##_.#+#
#_____###'#
############.##
#∩........'...+
###''''####.).#
#.......####.###
#........#$#'#$#
#..#.....#$!@!$#
#........#$[P)$#
#.....#..#######
#........#
#..#.....#
#........#
###''''###
#∩......∩#
#........#


There were no monsters in sight!

Vanquished Creatures
  Sonja (D)
  8 shining eyes (D)
  Sigmund (D)
  A yak (D)
  4 floating eyes (D)
  An ogre (D)
  A jelly (D)
  Ijyb (D)
18 creatures vanquished.

Vanquished Creatures (others)
  A gargoyle (D)
1 creature vanquished.

Grand Total: 19 creatures vanquished

Notes
Turn   | Place    | Note
-------+----------+-------------------------------------------
     0 | D        | EtherCrawl the Spriggan Enchanter began the quest for the
                  | Orb.
     0 | D        | Reached XP level 1. HP: 9/9 MP: 5/5
     1 | D        | Noticed Ijyb
    14 | D        | Killed Ijyb
    14 | D        | Reached skill level 6 in Stealth
    14 | D        | Reached skill level 5 in Hexes
    14 | D        | Reached XP level 2. HP: 13/13 MP: 6/8
    68 | D        | Noticed an ogre
    70 | D        | Killed an ogre
    70 | D        | Reached skill level 8 in Stealth
    70 | D        | Reached XP level 3. HP: 16/16 MP: 8/11
    70 | D        | Reached XP level 4. HP: 21/21 MP: 9/13
    88 | D        | Noticed Sigmund
    91 | D        | Killed Sigmund
    91 | D        | Reached skill level 10 in Stealth
    91 | D        | Reached XP level 5. HP: 24/24 MP: 12/16
    96 | D        | Learned a level 2 spell: Ensorcelled Hibernation
   100 | D        | Learned a level 3 spell: Confuse
   104 | D        | Learned a level 3 spell: Tukima's Dance
   108 | D        | Learned a level 3 spell: Dazzling Spray
   118 | D        | Found an ornate altar of the Wu Jian Council.
   118 | D        | Found a shimmering blue altar of Sif Muna.
   120 | D        | Found a radiant altar of Vehumet.
   131 | D        | Reached XP level 6. HP: 19/28 MP: 13/18
   244 | D        | Found Wothrix's Distillery.
   244 | D        | Found an ancient bone altar of Kikubaaqudgha.
   244 | D        | Found a hazy altar of Hepliaklqana.
   244 | D        | Found a hide-covered altar of Uskayaw.
   244 | D        | Found a basalt altar of Yredelemnul.
   244 | D        | Found an opulent altar of Gozag.
   244 | D        | Found a snail-covered altar of Cheibriados.
   244 | D        | Found a sacrificial altar of Ru.
   244 | D        | Found a shadowy altar of Dithmenos.
   244 | D        | Noticed a yak
   245 | D        | Found a stormy altar of Qazlal.
   245 | D        | Found a blossoming altar of Fedhas.
   245 | D        | Found a bloodstained altar of Trog.
   245 | D        | Found an iron altar of Okawaru.
   245 | D        | Found a glowing golden altar of the Shining One.
   245 | D        | Found a glowing silver altar of Zin.
   245 | D        | Found a white marble altar of Elyvilon.
   246 | D        | Killed a yak
   246 | D        | Reached skill level 11 in Stealth
   247 | D        | Found a sparkling altar of Nemelex Xobeh.
   253 | D        | Became a worshipper of Zin the Law-Giver
   253 | D        | Reached * piety under Zin
   253 | D        | Reached ** piety under Zin
   253 | D        | Reached *** piety under Zin
   253 | D        | Reached **** piety under Zin
   253 | D        | Reached ***** piety under Zin
   253 | D        | Reached ****** piety under Zin
   261 | D        | Noticed Sonja
   266 | D        | Killed Sonja
   266 | D        | Reached skill level 13 in Stealth
   266 | D        | Reached skill level 10 in Spellcasting
   266 | D        | Reached skill level 10 in Hexes
   266 | D        | Reached XP level 7. HP: 22/32 MP: 17/21
   371 | D        | Found Hecwuff's Book Boutique.
   375 | D        | Noticed a shining eye
   375 | D        | Noticed a shining eye
   375 | D        | Noticed a shining eye
   375 | D        | Noticed a shining eye
   375 | D        | Noticed a shining eye
   375 | D        | Noticed a shining eye
   382 | D        | Paralysed by a floating eye for 2 turns
   391 | D        | Paralysed by a floating eye for 4 turns
   394 | D        | Killed a gargoyle
   399 | D        | Reached XP level 8. HP: 36/36 MP: 21/23
   403 | D        | Paralysed by a floating eye for 4 turns
   416 | D        | Paralysed by a floating eye for 4 turns
   433 | D        | Paralysed by a floating eye for 4 turns
   443 | D        | Paralysed by a floating eye for 4 turns
   452 | D        | Paralysed by a floating eye for 3 turns
   468 | D        | Paralysed by a floating eye for 4 turns
   491 | D        | Paralysed by a floating eye for 3 turns
   500 | D        | Paralysed by a floating eye for 3 turns
   510 | D        | Paralysed by a floating eye for 2 turns
   516 | D        | Killed a shining eye
   516 | D        | Reached skill level 10 in Short Blades
   516 | D        | Reached skill level 14 in Stealth
   516 | D        | Reached skill level 5 in Invocations
   523 | D        | Paralysed by a floating eye for 4 turns
   539 | D        | Paralysed by a floating eye for 3 turns
   552 | D        | Paralysed by a floating eye for 2 turns
   560 | D        | Paralysed by a floating eye for 4 turns
   625 | D        | Killed a shining eye
   625 | D        | Reached skill level 15 in Stealth
   625 | D        | Reached XP level 9. HP: 39/39 MP: 25/25
   767 | D        | Killed a shining eye
   805 | D        | Killed a shining eye
   805 | D        | Reached skill level 16 in Stealth
   807 | D        | Noticed a shining eye
   807 | D        | Noticed a shining eye
   810 | D        | Killed a shining eye
   815 | D        | Killed a shining eye
   844 | D        | Paralysed by a floating eye for 4 turns
   915 | D        | Killed a shining eye
   915 | D        | Reached skill level 17 in Stealth
   915 | D        | Reached XP level 10. HP: 44/44 MP: 28/28
   973 | D        | Killed a shining eye
   983 | D        | Found Tayntug's Antique Armour Shop.
   983 | D        | Found Pyonn's Book Shoppe.
   983 | D        | Found Meriahun's Gadget Boutique.
   983 | D        | Found Fumob's Food Emporium.
  1004 | D        | Bought a shimmering robe for 159 gold pieces
  1020 | D        | Identified the +1 robe "Ucoanyuss" {*Drain +Fly rElec} (You
                  | bought it in a shop in the Dungeon)
  1040 | D        | Killed by an exploding ballistomycete spore

Levels and vault maps discovered:
D:        dungeon_sprint_1 [red_sonja_temple_1, red_sonja_temple_small_1]

Skill      XL: |  1  2  3  4  5  6  7  8  9 10 |
---------------+-------------------------------+-----
Short Blades   | 3 4 6 7 9 10 | 10.0
Stealth        | 6 8 10 13 15 17 | 17.4
Spellcasting   | 4 6 7 8 10 11 13 | 13.8
Hexes          | 5 6 8 10 12 13 14 | 14.0
Invocations    | 4 6 9 |  9.4
Dodging        | |  3.0

Action                   |  1- 3 |  4- 6 |  7- 9 | 10-12 || total
-------------------------+-------+-------+-------+-------++-------
Melee: Dagger            |    11 |     7 |   437 |    58 ||   513
 Cast: Ensorcelled Hiber |       |     3 |       |       ||     3
  Use: Potion            |     1 |       |       |       ||     1
 Stab: Sleeping          |     1 |     4 |     2 |     1 ||     8
Armor: Robe              |       |     1 |       |       ||     1
Dodge: Dodged            |     5 |     4 |       |       ||     9

Table legend:
 A = Non-vault XP
 B = Vault XP
 C = Vault XP percentage of total XP
 D = Non-vault monster count
 E = Vault monster count
 F = Vault count percentage of total count
                 A         B        C        D         E       F
            +---------+---------+-------+---------+---------+-------
      Total |       0 |    6381 | 100.0 |       0 |      18 | 100.0
            +---------+---------+-------+---------+---------+-------
          D |       0 |    6381 | 100.0 |       0 |      18 | 100.0
            +---------+---------+-------+---------+---------+-------
